 Dungeon Crawl Stone Soup version 0.27-a0-1191-g601b473118 (webtiles) character file.

Game seed: 4630251143445638949

19 jasper the Grave Robber (level 2, 0/19 HPs)
             Began as a Demonspawn Necromancer on May 23, 2021.
             Slain by a jackal (3 damage)
             ... on level 1 of the Dungeon.
             The game lasted 00:02:33 (866 turns).

jasper the Grave Robber (Demonspawn Necromancer)     Turns: 866, Time: 00:02:34

Health: 0/19       AC:  2    Str:  8    XL:     2   Next: 55%
Magic:  0/5        EV: 12    Int: 16    God:
Gold:   19         SH:  0    Dex: 13    Spells: 3/5 levels left

rFire    . . .     SeeInvis .   b - +0 dagger
rCold    . . .     Faith    .   (no shield)
rNeg     . . .     Spirit   .   a - +0 robe
rPois    .         Reflect  .   (helmet restricted)
rElec    .         Harm     .   (no cloak)
rCorr    .         Rampage  .   (no gloves)
Will     .....                  (no boots)
Stlth    ++........             (no amulet)
HPRegen  0.06/turn              (no ring)
MPRegen  0.09/turn              (no ring)

@: no status effects
A: horns 1
a: no special abilities


You were on level 1 of the Dungeon.
You visited 1 branch of the dungeon, and saw 1 of its levels.

You collected 19 gold pieces.

Inventory:

Hand Weapons
 b - a +0 dagger (weapon)
Missiles
 f - 44 bolts
Armour
 a - a +0 robe (worn)
 c - a +0 leather armour
Magical Staves
 d - a staff of poison


   Skills:
 - Level 1.7 Dodging
 - Level 1.7 Stealth
 - Level 2.0 Spellcasting
 + Level 5.2 Necromancy


You had 3 spell levels left.
You knew the following spells:

 Your Spells              Type           Power      Damage    Failure   Level
a - Pain                  Necr           72%        1d7       2%          1
b - Animate Skeleton      Necr           36%        N/A       2%          1

Your spell library contained the following spells:

 Spells                   Type           Power      Damage    Failure   Level
 Vampiric Draining        Necr           9%         2d7       7%          3
 Animate Dead             Necr           9%         N/A       24%         4
 Agony                    Necr           18%        N/A       54%         5


Dungeon Overview and Level Annotations

Branches:
Dungeon (1/15)

Altars:


Innate Abilities, Weirdness & Mutations

You have a pair of small horns on your head.


Message History

The jackal writhes in agony.
The jackal bites you.
* * * LOW HITPOINT WARNING * * *
You take 2 damage, and have 4/19 hp.
You now have 0/5 mp.
You aren't carrying any potions.
Unknown command.
As you read the scroll labelled VAXKI IKETEI, it crumbles to dust.
You feel aware of your surroundings.
It was a scroll of magic mapping.
The jackal bites you but does no damage.
You aren't carrying any scrolls.
Unknown command.
You aren't carrying any items that you can evoke.
Unknown command.
You hit the jackal.
You kill the jackal!
The jackal barely misses you.
Aiming: Pain (safe; 2% risk of failure)
Press: ? - help, Q - select action, (/) - cycle Shift-Dir - straight line, f/p - jackal
Aim: a jackal (moderately wounded, chance to affect: 89%)
The jackal barely resists.
The jackal closely misses you.
You take 1 damage, and have 3/19 hp.
You now have 0/5 mp.
You hit the jackal but do no damage. Your headbutt misses the jackal.
The jackal bites you but does no damage.
The jackal barely misses you.
You hit the jackal but do no damage. Your headbutt misses the jackal.
The jackal bites you but does no damage.
You hit the jackal.
The jackal is heavily wounded.
The jackal misses you.
You barely miss the jackal.
The jackal is heavily wounded.
The jackal closely misses you. x2
You hit the jackal.
The jackal is severely wounded.
The jackal barely misses you.
You hit the jackal but do no damage.
The jackal is severely wounded.
The jackal bites you.
You die...

.......................#....#,*
...###.####.#.##.###........#,*
...# #.# #.#.........>#....#,*
...# #.# #.#..#.#######....#,*
##.###.####.#..#.# #....#,* *
#.##..........#.# ##..##,***
#.#.....##.#..#h# *h.h,,,,,
##.#.....##.#..#h# *#...,***
............#..#@# *h##.* *
##.#.....####....#********.#*.#**
##.#.....# #..#..,,,,,,,,,,,,,,,
...#.....####..#...,,,,,,,,**,***
#.######............,,,,,,,,,,,,,
#.# #.#######≈≈≈##****####****
#.#### #.# ###≈≈≈≈≈≈* #..# #....#
#.# #≈≈≈≈##########..##### #.##.#
#.# #≈≈≈≈≈#....†..........


You could see 2 jackals.

Vanquished Creatures
  An endoplasm (D:1)
  2 goblins (D:1)
  3 hobgoblins (D:1)
  2 jackals (D:1)
  A kobold (D:1)
  2 ball pythons (D:1)
  2 bats (D:1)
  2 frilled lizards (D:1)
  3 rats (D:1)
18 creatures vanquished.

Notes
Turn   | Place    | Note
-------+----------+-------------------------------------------
     0 | D:1      | jasper the Demonspawn Necromancer began the quest for the
                  | Orb.
     0 | D:1      | Reached XP level 1. HP: 13/13 MP: 3/3
   362 | D:1      | Gained mutation: You have a pair of small horns on your
                  | head. [demonic ancestry]
   362 | D:1      | Reached XP level 2. HP: 15/19 MP: 0/5
   433 | D:1      | Reached skill level 5 in Necromancy
   468 | D:1      | Learned a level 1 spell: Animate Skeleton
   866 | D:1      | Slain by a jackal

Illustrated notes

Levels and vault maps discovered:
D:1:      sevenhm_arrival_forest_fort_large_1, layout_basic

Skill      XL: |  1  2 |
---------------+-------+-----
Necromancy     | 5 |  5.2
Dodging        | |  1.7
Stealth        | |  1.7
Spellcasting   | |  2.0

Action                   || total
-------------------------++-------
Melee: Dagger            ||    24
 Cast: Pain              ||    36
       Animate Skeleton  ||     1
  Use: Scroll            ||     1
Armor: Robe              ||     9
Dodge: Dodged            ||    28

Table legend: (Time is in decaauts)
 A = Elapsed time spent in this place.
 B = Non-inter-level travel time spent in this place.
 C = Inter-level travel time spent in this place.
 D = Time resting spent in this place.
 E = Time spent auto-exploring this place.
 F = Levels seen in this place.
 G = Mean time per level.
                   A        B        C        D        E       F      G
               +--------+--------+--------+--------+--------+-----+--------+
         Total |    868 |    852 |     16 |     92 |    605 |   1 |  868.0 |
       Dungeon |    868 |    852 |     16 |     92 |    605 |   1 |  868.0 |
               +--------+--------+--------+--------+--------+-----+--------+

Top non-repeatable levels by time:
     D:1: 868 daAuts
